[ AOE2 MATCH · #460270851 ]
UnrankedItalians vs None
Rival team · LOSS
[ REPLAY ANALYSIS · EXTRACTED FROM THE RECORDED GAME ]
Feudal
9:49
Castle
18:23
Imperial
29:53
| APM avg | 80.1 |
| APM peak | 132 |
| eAPM avg | 45.2 |
| Villagers / military | 138 / 81 |
Focus
⚔️ 50.4% · 🌾 49.6%
Genoese Crossbowman ×29 · Fishing Ship ×16 · Galley ×14 · Bombard Cannon ×14 · Monk ×12 · Unknown (2626) ×8
Feudal
9:34
Castle
20:37
Imperial
30:26
| APM avg | 83.7 |
| APM peak | 132 |
| eAPM avg | 32.8 |
| Villagers / military | 147 / 107 |
Focus
⚔️ 39.2% · 🌾 60.8%
Skirmisher ×40 · Archer ×32 · Galley ×21 · Unknown (2626) ×15 · Mangonel ×4 · Fishing Ship ×4
Match map
Initial resources + every placement click. Lines = walls · curves = elevation contours. ◆ gold · ⬟ stone · ● berries · ✦ relic · ◌ wall gap
Inputs per minute
— OS+ | TeMo - - Oni.Kingstone
Build order — OS+ | TeMo
First 150 of 362 actions detected
| 0:00 | Create | Villager (Male) |
| 0:00 | Create | Villager (Male) |
| 0:01 | Build | House |
| 0:02 | Build | House |
| 0:04 | Build | House |
| 0:25 | Create | Villager (Male) |
| 0:25 | Create | Villager (Male) |
| 1:24 | Create | Villager (Male) |
| 1:25 | Build | Lumber Camp |
| 1:53 | Create | Villager (Male) |
| 1:54 | Create | Villager (Male) |
| 2:22 | Create | Villager (Male) |
| 2:44 | Create | Villager (Male) |
| 3:16 | Create | Villager (Male) |
| 3:31 | Build | Dock |
| 3:46 | Create | Villager (Male) |
| 3:52 | Build | House |
| 4:13 | Create | Villager (Male) |
| 4:21 | Create | Fishing Ship |
| 4:37 | Create | Villager (Male) |
| 4:57 | Create | Fishing Ship |
| 4:58 | Create | Villager (Male) |
| 5:15 | Build | House |
| 5:25 | Create | Villager (Male) |
| 5:25 | Create | Villager (Male) |
| 5:42 | Create | Fishing Ship |
| 5:55 | Create | Villager (Male) |
| 6:11 | Create | Villager (Male) |
| 6:13 | Create | Fishing Ship |
| 6:30 | Build | House |
| 6:48 | Create | Villager (Male) |
| 7:08 | Create | Villager (Male) |
| 7:10 | Create | Fishing Ship |
| 7:39 | Research | Feudal Age |
| 7:50 | Build | Lumber Camp |
| 8:27 | Build | Dock |
| 8:56 | Build | Mining Camp |
| 9:07 | Create | Villager (Male) |
| 9:08 | Build | House |
| 9:09 | Build | House |
| 9:44 | Create | Villager (Male) |
| 9:49 | Age | Feudal Age |
| 9:51 | Create | Galley |
| 9:51 | Create | Galley |
| 9:52 | Research | Double-Bit Axe |
| 9:57 | Create | Villager (Male) |
| 10:12 | Build | Palisade Wall |
| 10:12 | Build | Palisade Wall |
| 10:15 | Build | Palisade Wall |
| 10:15 | Build | Palisade Wall |
| 10:18 | Create | Villager (Male) |
| 10:20 | Build | Dock |
| 10:28 | Create | Villager (Male) |
| 10:34 | Build | Blacksmith |
| 10:53 | Create | Villager (Male) |
| 11:11 | Create | Galley |
| 11:18 | Create | Villager (Male) |
| 11:24 | Research | Fletching |
| 11:24 | Research | Fletching |
| 11:28 | Create | Fishing Ship |
| 11:35 | Create | Galley |
| 11:36 | Create | Galley |
| 11:39 | Build | House |
| 11:44 | Create | Villager (Male) |
| 11:57 | Create | Galley |
| 12:04 | Create | Villager (Male) |
| 12:19 | Create | Galley |
| 12:20 | Create | Galley |
| 12:25 | Create | Villager (Male) |
| 12:29 | Create | Fishing Ship |
| 12:29 | Create | Fishing Ship |
| 12:39 | Create | Villager (Male) |
| 12:42 | Build | House |
| 12:49 | Create | Fishing Ship |
| 12:50 | Create | Villager (Male) |
| 13:10 | Create | Fishing Ship |
| 13:13 | Build | House |
| 13:18 | Build | Mill |
| 13:36 | Create | Villager (Male) |
| 14:06 | Create | Galley |
| 14:06 | Create | Galley |
| 14:13 | Create | Galley |
| 14:19 | Research | Tech 906 |
| 14:40 | Create | Villager (Male) |
| 14:46 | Build | Market |
| 15:06 | Create | Galley |
| 15:15 | Create | Villager (Male) |
| 15:43 | Research | Castle Age |
| 16:31 | Create | Fishing Ship |
| 16:34 | Build | Dock |
| 16:40 | Research | Horse Collar |
| 16:44 | Create | Villager (Male) |
| 17:39 | Create | Fire Galley |
| 17:39 | Create | Fire Galley |
| 17:40 | Create | Fire Galley |
| 17:44 | Create | Villager (Male) |
| 17:47 | Research | Gold Mining |
| 17:48 | Create | Villager (Male) |
| 18:06 | Create | Fishing Ship |
| 18:06 | Create | Fishing Ship |
| 18:07 | Create | Fishing Ship |
| 18:08 | Create | Fishing Ship |
| 18:16 | Create | Fire Galley |
| 18:17 | Create | Fire Galley |
| 18:17 | Create | Villager (Male) |
| 18:23 | Age | Castle Age |
| 18:26 | Research | War Galley (upgrade) |
| 18:26 | Research | War Galley (upgrade) |
| 18:26 | Research | Bow Saw |
| 18:40 | Create | Villager (Male) |
| 18:42 | Build | Monastery |
| 18:46 | Create | Transport Ship |
| 18:47 | Create | Villager (Male) |
| 18:53 | Build | Town Center |
| 18:58 | Create | Fire Galley |
| 19:10 | Create | Fire Galley |
| 19:24 | Build | House |
| 19:24 | Build | House |
| 19:48 | Create | Monk |
| 20:07 | Build | Town Center |
| 20:21 | Create | Unit 2626 |
| 20:23 | Create | Unit 2626 |
| 20:27 | Create | Unit 2626 |
| 20:31 | Research | Gillnets |
| 20:35 | Create | Fishing Ship |
| 20:38 | Create | Monk |
| 20:39 | Create | Villager (Male) |
| 20:48 | Build | Monastery |
| 20:52 | Create | Villager (Male) |
| 21:01 | Create | Villager (Male) |
| 21:05 | Create | Unit 2626 |
| 21:05 | Create | Unit 2626 |
| 21:09 | Create | Villager (Male) |
| 21:12 | Build | House |
| 21:16 | Create | Villager (Male) |
| 21:20 | Create | Villager (Male) |
| 21:27 | Create | Unit 2626 |
| 21:28 | Create | Unit 2626 |
| 21:36 | Create | Villager (Male) |
| 21:36 | Create | Villager (Male) |
| 21:37 | Create | Villager (Male) |
| 21:49 | Create | Monk |
| 21:51 | Create | Villager (Male) |
| 21:56 | Create | Monk |
| 21:57 | Create | Villager (Male) |
| 22:25 | Create | Villager (Male) |
| 22:29 | Create | Villager (Male) |
| 22:36 | Create | Villager (Male) |
| 22:49 | Create | Unit 2626 |
| 22:50 | Build | House |
Build order — Oni.Kingstone
First 150 of 439 actions detected
| 0:00 | Create | Villager (Male) |
| 0:01 | Create | Villager (Male) |
| 0:02 | Build | House |
| 0:05 | Build | House |
| 0:15 | Create | Villager (Male) |
| 0:21 | Create | Villager (Male) |
| 0:21 | Create | Villager (Male) |
| 1:25 | Create | Villager (Male) |
| 1:38 | Build | Lumber Camp |
| 2:01 | Create | Villager (Male) |
| 2:01 | Create | Villager (Male) |
| 2:30 | Create | Villager (Male) |
| 2:30 | Create | Villager (Male) |
| 2:48 | Create | Villager (Male) |
| 3:24 | Create | Villager (Male) |
| 3:25 | Build | House |
| 3:45 | Create | Villager (Male) |
| 3:45 | Create | Villager (Male) |
| 3:57 | Build | Dock |
| 4:11 | Create | Villager (Male) |
| 4:36 | Create | Fishing Ship |
| 4:36 | Create | Fishing Ship |
| 4:41 | Create | Villager (Male) |
| 5:04 | Create | Villager (Male) |
| 5:12 | Build | House |
| 5:26 | Create | Fishing Ship |
| 5:29 | Create | Villager (Male) |
| 5:35 | Create | Villager (Male) |
| 6:07 | Create | Fishing Ship |
| 6:17 | Build | House |
| 6:25 | Create | Villager (Male) |
| 6:50 | Create | Villager (Male) |
| 7:24 | Research | Feudal Age |
| 7:25 | Research | Feudal Age |
| 7:25 | Research | Feudal Age |
| 7:55 | Build | Mining Camp |
| 8:14 | Build | Dock |
| 8:50 | Build | House |
| 9:05 | Build | Dock |
| 9:12 | Create | Villager (Male) |
| 9:34 | Age | Feudal Age |
| 9:35 | Create | Galley |
| 9:36 | Create | Galley |
| 9:41 | Research | Double-Bit Axe |
| 10:01 | Create | Villager (Male) |
| 10:03 | Create | Galley |
| 10:22 | Build | House |
| 10:26 | Create | Galley |
| 10:26 | Create | Galley |
| 10:26 | Create | Galley |
| 10:29 | Create | Villager (Male) |
| 10:55 | Create | Galley |
| 10:55 | Create | Galley |
| 11:03 | Create | Villager (Male) |
| 11:03 | Create | Villager (Male) |
| 11:03 | Create | Villager (Male) |
| 11:14 | Create | Galley |
| 11:17 | Build | House |
| 11:37 | Create | Villager (Male) |
| 11:37 | Create | Villager (Male) |
| 11:37 | Create | Galley |
| 11:38 | Create | Galley |
| 11:51 | Build | Mill |
| 12:03 | Create | Villager (Male) |
| 12:07 | Create | Galley |
| 12:07 | Create | Galley |
| 12:12 | Build | Blacksmith |
| 12:17 | Create | Villager (Male) |
| 12:17 | Create | Villager (Male) |
| 12:31 | Create | Galley |
| 12:31 | Create | Galley |
| 12:31 | Create | Galley |
| 12:44 | Create | Villager (Male) |
| 12:46 | Create | Galley |
| 12:47 | Create | Galley |
| 13:06 | Create | Galley |
| 13:08 | Build | House |
| 13:13 | Create | Villager (Male) |
| 13:27 | Create | Villager (Male) |
| 13:43 | Create | Galley |
| 13:43 | Create | Galley |
| 13:48 | Create | Villager (Male) |
| 14:04 | Create | Villager (Male) |
| 14:15 | Build | Farm |
| 14:16 | Research | Fletching |
| 14:23 | Build | House |
| 14:26 | Build | Farm |
| 14:33 | Build | Farm |
| 14:36 | Research | Horse Collar |
| 14:36 | Create | Villager (Male) |
| 15:02 | Create | Villager (Male) |
| 15:04 | Build | Farm |
| 15:04 | Build | Farm |
| 15:12 | Create | Villager (Male) |
| 15:12 | Create | Villager (Male) |
| 15:15 | Build | Farm |
| 15:30 | Create | Villager (Male) |
| 15:43 | Build | Farm |
| 15:45 | Build | Farm |
| 15:57 | Build | Farm |
| 15:59 | Build | Farm |
| 16:05 | Create | Villager (Male) |
| 16:14 | Create | Villager (Male) |
| 16:33 | Build | Dock |
| 16:36 | Build | Farm |
| 16:37 | Create | Villager (Male) |
| 16:51 | Create | Villager (Male) |
| 17:07 | Build | Market |
| 17:20 | Build | House |
| 17:57 | Research | Castle Age |
| 17:58 | Research | Castle Age |
| 18:20 | Build | Lumber Camp |
| 18:27 | Create | Unit 2626 |
| 18:27 | Create | Unit 2626 |
| 18:27 | Create | Unit 2626 |
| 18:44 | Research | Gold Mining |
| 18:45 | Research | Gold Mining |
| 18:52 | Create | Unit 2626 |
| 18:52 | Create | Unit 2626 |
| 19:09 | Build | House |
| 19:18 | Research | Loom |
| 19:27 | Create | Unit 2626 |
| 19:27 | Create | Unit 2626 |
| 19:44 | Create | Unit 2626 |
| 19:44 | Create | Unit 2626 |
| 19:48 | Build | House |
| 20:15 | Create | Unit 2626 |
| 20:15 | Create | Unit 2626 |
| 20:15 | Create | Unit 2626 |
| 20:17 | Create | Villager (Male) |
| 20:37 | Age | Castle Age |
| 20:43 | Build | Town Center |
| 20:46 | Create | Villager (Male) |
| 20:48 | Build | Monastery |
| 21:00 | Research | War Galley (upgrade) |
| 21:09 | Research | Bow Saw |
| 21:09 | Research | Bow Saw |
| 21:17 | Create | Villager (Male) |
| 21:23 | Create | Villager (Male) |
| 22:02 | Create | Villager (Male) |
| 22:06 | Build | Town Center |
| 22:10 | Create | Monk |
| 22:13 | Create | Villager (Male) |
| 22:19 | Research | Tech 906 |
| 22:19 | Research | Tech 906 |
| 22:20 | Create | Unit 2626 |
| 22:21 | Create | Unit 2626 |
| 22:22 | Create | Unit 2626 |
| 22:24 | Create | Villager (Male) |
| 22:33 | Create | Villager (Male) |
Match timeline
| 3:31 | OS+ | TeMo · first_building Dock |
| 3:57 | Oni.Kingstone · first_building Dock |
| 9:34 | Oni.Kingstone · age_up feudal |
| 9:49 | OS+ | TeMo · age_up feudal |
| 10:12 | OS+ | TeMo · wall_segment Palisade Wall x1 |
| 10:12 | OS+ | TeMo · wall_segment Palisade Wall x1 |
| 10:15 | OS+ | TeMo · wall_segment Palisade Wall x1 |
| 10:15 | OS+ | TeMo · wall_segment Palisade Wall x1 |
| 15:43 | OS+ | TeMo · first_market_buy 100 food |
| 17:41 | Oni.Kingstone · first_market_buy 100 food |
| 18:23 | OS+ | TeMo · age_up castle |
| 18:42 | OS+ | TeMo · first_building Monastery |
| 20:37 | Oni.Kingstone · age_up castle |
| 20:45 | OS+ | TeMo · first_market_sell 100 food |
| 20:48 | Oni.Kingstone · first_building Monastery |
| 20:58 | Oni.Kingstone · first_market_sell 100 food |
| 24:54 | OS+ | TeMo · first_building Siege Workshop |
| 25:20 | OS+ | TeMo · first_building Castle |
| 25:38 | Oni.Kingstone · first_building Siege Workshop |
| 27:03 | Oni.Kingstone · first_building Barracks |
| 28:06 | Oni.Kingstone · first_building Archery Range |
| 28:19 | OS+ | TeMo · first_building Barracks |
| 29:53 | OS+ | TeMo · age_up imperial |
| 30:26 | Oni.Kingstone · first_building Castle |
| 30:26 | Oni.Kingstone · age_up imperial |
| 39:02 | Oni.Kingstone · resign |
[ AI ANALYSIS · 1 CREDIT ]
What really happened in this match?
Wolo.gg analyzes every decision: build order, eco, micro, common mistakes by bracket. Personalized analysis on WhatsApp or Discord in 30 seconds.
Civ guide
Italians
Perfil
Jugador #22608180